 Dungeon Crawl Stone Soup version 0.28-a0-674-gdaf460b524 (webtiles) character file.

Game seed: 7088955762062071543

35 Fateal the Sneak (level 3, 0/19 HPs)
             Began as a Vampire Enchanter on Oct 17, 2021.
             Succumbed to an adder's poison
             ... on level 2 of the Dungeon.
             The game lasted 00:11:09 (1455 turns).

Fateal the Sneak (Vampire Enchanter)                Turns: 1455, Time: 00:11:10

Health: 0/19       AC:  2    Str:  7    XL:     3   Next: 17%
Magic:  6/6        EV: 13    Int: 18    God:
Gold:   109        SH:  0    Dex: 14    Spells: 6/6 levels left

rFire   . . .      SeeInvis +   a - +1 dagger
rCold   . . .      Faith    .   (no shield)
rNeg    . . .      Spirit   .   b - +0 robe
rPois   .          Reflect  .   (no helmet)
rElec   .          Harm     .   (no cloak)
rCorr   .          Rampage  .   (no gloves)
Will    .....                   (no boots)
Stlth   +++.......              (no amulet)
HPRegen 0.26/turn               (no ring)
MPRegen 0.10/turn               (no ring)

@: lethally poisoned (0 -> -1), healing quickly
A: alive, fangs 3, see invisible, vampiric 2, [frail 2]
a: Exsanguinate


You were on level 2 of the Dungeon.
You visited 1 branch of the dungeon, and saw 2 of its levels.

You collected 109 gold pieces.


Innate Abilities, Weirdness & Mutations

Your natural rate of healing is accelerated.
You have razor-sharp teeth.
You have supernaturally acute eyesight. (SInv)
You are afflicted with vampirism and can become a bat while bloodless.
[You are very frail. (-20% HP)]


   Skills:
 * Level 1.9 Short Blades
 + Level 2.9 Dodging
 * Level 5.1 Stealth
 - Level 2.0 Spellcasting
 + Level 4.7 Hexes


You had 6 spell levels left.
You didn't know any spells.
Your spell library contained the following spells:

 Spells                   Type           Power      Damage    Failure   Level
 Confusing Touch          Hex            18%        N/A       8%          3
 Tukima's Dance           Hex            18%        N/A       8%          3
 Ensorcelled Hibernation  Hex/Ice        20%        N/A       11%         2
 Summon Small Mammal      Summ           4%         N/A       19%         1
 Dazzling Flash           Conj/Hex       20%        N/A       21%         3
 Summon Guardian Golem    Hex/Summ       10%        N/A       21%         3
 Call Canine Familiar     Summ           1%         N/A       47%         3

Inventory:

Hand Weapons
 a - a +1 dagger (weapon)
Armour
 b - a +0 robe (worn)
Scrolls
 e - 2 scrolls of fear {unknown}
 g - a scroll of acquirement {unknown}
 h - a scroll of vulnerability {unknown}
 i - a scroll of enchant weapon {unknown}
 k - a scroll of magic mapping {unknown}
Potions
 c - a potion of invisibility
 d - a potion of lignification {unknown}
 f - 3 potions of might {unknown}
 j - a potion of mutation {unknown}

Dungeon Overview and Level Annotations

Branches:
Dungeon (2/15)

Altars:

..# .. .K. .## ... #...░
..# #>##..░. 8. ..# ......░
░.░ ..## #....░░ .░.░
...### #....░░ ⌠.░░
.#...#### #..#.░░.░.░.
.###>...##### #.†....░....
.######.....## #@#.#.......
.......####..###.#.$.......
######........##.##..>.....
# #####..#.....#........ #
#.#####......###.# # #.
##.....# . # .. ##........
.## ###..###. #. ..#


There were no monsters in sight!


Message History

The adder is almost dead.
You feel sick. The adder bites you. x2
* * * LOW HITPOINT WARNING * * *
Unknown command.
You miss the adder.
The adder is almost dead.
You feel sick. The adder completely misses you.
You completely miss the adder.
The adder is almost dead.
You feel sick.
You are no longer poisoned.
The adder bites you.
* * * LOW HITPOINT WARNING * * *
You are lethally poisoned!
The adder poisons you!
You closely miss the adder.
The adder is almost dead.
* * * LOW HITPOINT WARNING * * *
You feel sick. The adder barely misses you.
You miss the adder.
The adder is almost dead.
* * * LOW HITPOINT WARNING * * *
You feel sick. The adder barely misses you.
You miss the adder.
The adder is almost dead.
* * * LOW HITPOINT WARNING * * *
You feel sick. The adder barely misses you.
You hit the adder.
You kill the adder!
You die...

Skill      XL: |  1  2 |
---------------+-------+-----
Stealth        | 5 |  5.1
Short Blades   | |  1.9
Dodging        | |  2.9
Spellcasting   | |  2.0
Hexes          | |  4.7

Action                   || total
-------------------------++-------
Melee: Dagger            ||    93
       Bite              ||     6
 Abil: Exsanguinate      ||     2
       Revivify          ||     2
 Stab: Sleeping          ||    12
Armor: Robe              ||    26
Dodge: Dodged            ||    58

Levels and vault maps discovered:
D:1:      wander_arrival_lonely_grave, layout_rooms, minmay_gold_behind_fungi
D:2:      layout_rooms, ebering_ecumenical_altar_box, grunt_decor_mini_mirrors

Notes
Turn   | Place    | Note
-------+----------+-------------------------------------------
     0 | D:1      | Fateal the Vampire Enchanter began the quest for the Orb.
     0 | D:1      | Reached XP level 1. HP: 13/13 MP: 3/3
   683 | D:1      | Reached XP level 2. HP: 6/13 MP: 5/5
  1180 | D:1      | Reached skill level 5 in Stealth
  1180 | D:1      | Gained mutation: You are afflicted with vampirism and can
                  | become a bat while bloodless. [Vampire growth]
  1180 | D:1      | Reached XP level 3. HP: 16/16 MP: 6/6
  1454 | D:2      | HP: 1/19 [poisoned by an adder]
  1455 | D:2      | Succumbed to an adder's poison

Vanquished Creatures
  A gnoll (D:1)
  An adder (D:2)
  3 bats
  2 giant cockroaches (D:1)
  2 goblins (D:1)
  3 hobgoblins (D:1)
  3 jackals (D:1)
  A quokka (D:1)
  3 ball pythons (D:1)
  2 kobolds (D:1)
  4 rats
25 creatures vanquished.

Vanquished Creatures (others)
  3 toadstools (D:1)
3 creatures vanquished.

Grand Total: 28 creatures vanquished

Table legend: (Time is in decaauts)
 A = Elapsed time spent in this place.
 B = Non-inter-level travel time spent in this place.
 C = Inter-level travel time spent in this place.
 D = Time resting spent in this place.
 E = Time spent auto-exploring this place.
 F = Levels seen in this place.
 G = Mean time per level.
                   A        B        C        D        E       F      G
               +--------+--------+--------+--------+--------+-----+--------+
         Total |   1448 |   1432 |     16 |    798 |    175 |   2 |  724.0 |
       Dungeon |   1448 |   1432 |     16 |    798 |    175 |   2 |  724.0 |
               +--------+--------+--------+--------+--------+-----+--------+

Top non-repeatable levels by time:
     D:1: 1303 daAuts
     D:2: 144 daAuts

Table legend:
 A = Non-vault XP
 B = Vault XP
 C = Vault XP percentage of total XP
 D = Non-vault monster count
 E = Vault monster count
 F = Vault count percentage of total count
                 A         B        C        D         E       F
            +---------+---------+-------+---------+---------+-------
      Total |      64 |       0 |   0.0 |      25 |       0 |   0.0
            +---------+---------+-------+---------+---------+-------
        D:1 |      48 |       0 |   0.0 |      22 |       0 |   0.0
        D:2 |      16 |       0 |   0.0 |       3 |       0 |   0.0
            +---------+---------+-------+---------+---------+-------
